 Dungeon Crawl Stone Soup version 0.31.0-32-g396128a36d (webtiles) character file.

Game seed: 3209440575079881512

74 Alphaeus the Ruffian (level 4, -6/41 HPs)
             Began as a Troll Shapeshifter on Mar 21, 2024.
             Mangled by Blork the orc
             ... wielding a +0 halberd
              (13 damage)
             ... on level 4 of the Dungeon.
             The game lasted 00:01:27 (1799 turns).

Alphaeus the Ruffian (Troll Shapeshifter)           Turns: 1799, Time: 00:01:28

Health: -6/41      AC:  4    Str: 19 (22) XL:     4   Next: 10%
Magic:  3/3        EV:  9    Int:  7 (8)  God:
Gold:   154        SH:  0    Dex:  7 (9)  Spells: 3/3 levels left

rFire   . .          .
                       - Unarmed
rCold   . . .        (no shield)
rNeg    . . .        a - +0 animal skin
rPois   .            (helmet currently unavailable)
rElec   .            (cloak currently unavailable)
rCorr   .            (gloves unavailable)
SInv    .            (boots unavailable)
Will    .....        (no amulet)
Stlth   +            (no ring)
HPRegen 1.06/turn    (no ring)
MPRegen 0.08/turn

%: no passive effects
@: confused, beast-form, ambrosia-drunk
A: beast (slay +2), large, unfitting armour, claws 3, regeneration 1, shaggy fur
1, tough skin 1
a: Begin Untransformation


You were on level 4 of the Dungeon.
You were a hulking beast.
You visited 1 branch of the dungeon, and saw 4 of its levels.

You collected 154 gold pieces.

Inventory:

Armour
 a - a +0 animal skin (worn)
Talismans
 c - a beast talisman
 d - a flux talisman
 j - a serpent talisman
Scrolls
 i - 3 scrolls of enchant armour {unknown}
 k - a scroll of blinking {unknown}
 l - 2 scrolls of identify {unknown}
 m - a scroll of teleportation {unknown}
Potions
 b - a potion of lignification
 e - a potion of degeneration
 g - 2 potions of attraction {unknown}
 h - 4 potions of curing {unknown}
 n - a potion of mutation {unknown}


   Skills:
 + Level 1.5 Fighting
 - Level 1.5 Dodging
 * Level 3.9 Unarmed Combat
 * Level 3.7 Shapeshifting


You had 3 spell levels left.
You didn't know any spells.
Your spell library contained the following spells:

 Spells                   Type           Power      Damage    Failure   Level
 Blink                    Tloc           0%         N/A       56%         2
 Lesser Beckoning         Tloc           0%         N/A       56%         2
 Momentum Strike          Conj/Tloc      0%         3d8       56%         2


Dungeon Overview and Level Annotations

Branches:
Dungeon (4/15)
 Temple: D:4-7

Altars:

Annotations:
D:4 Blork the orc


Innate Abilities, Weirdness & Mutations

You are a hulking beast.
Your limbs bulge with bestial killing power. (Slay +2)
You are too large for most types of armour.
You have claws for hands.
Your natural rate of healing is unusually fast.
You are covered in fur. (AC +1)
You have tough skin. (AC +1)


Message History

Blork the orc points at you and mumbles some strange words.
The puff of frost hits you!
Blork the orc hits you from afar with a +0 halberd!
There is a stone staircase leading up here.
Blork the orc hits you with a +0 halberd!
Blork the orc screams, "I'll drink your blood!
Soon!"
Blork the orc hits you with a +0 halberd.
You closely miss Blork the orc.
Blork the orc looks braver for a moment.
Blork the orc barely misses you.
Blork the orc hits you with a +0 halberd!
Blork the orc closely misses you. Blork the orc casts a spell at you.
The magic dart hits you.
Blork the orc hits you with a +0 halberd.
You miss Blork the orc. Blork the orc barely misses you.
You feel less invigorated.
You feel less confused.
Blork the orc hits you from afar with a +0 halberd!
Blork the orc barely misses you.
Blork the orc hits you with a +0 halberd.
You scratch Blork the orc.
Blork the orc is lightly wounded.
Blork the orc hits you with a +0 halberd.
You closely miss Blork the orc.
Blork the orc is lightly wounded.
Blork the orc hits you with a +0 halberd.
Blork the orc barely misses you.
You completely miss Blork the orc.
Blork the orc is lightly wounded.
Blork the orc hits you with a +0 halberd!
You scratch Blork the orc.
Blork the orc is moderately wounded.
Blork the orc hits you with a +0 halberd!
* * * LOW HITPOINT WARNING * * *
Blork the orc closely misses you.
You are confused.
You feel invigorated.
Blork the orc hits you with a +0 halberd!
You die...

...# .#
#..##.##
#......###
#........
#[.....#
#...#.#
##.####o....#
#$....h.....#
...######<#..##
#.#..# #)#..#
..#..# .......
.........
##########


You could see Blork the orc (fast).

Vanquished Creatures
  3 adders (D:3)
  6 orcs (D:3)
  6 bats
  An endoplasm (D:1)
  3 giant cockroaches (D:1)
  A goblin (D:1)
  2 hobgoblins (D:1)
  5 jackals (D:2)
  2 quokkas
  5 ball pythons
  2 frilled lizards (D:2)
  A kobold (D:4)
  2 rats
39 creatures vanquished.

Notes
Turn   | Place    | Note
-------+----------+-------------------------------------------
     0 | D:1      | Alphaeus the Troll Shapeshifter began the quest for the
                  | Orb.
     0 | D:1      | Reached XP level 1. HP: 18/18 MP: 0/0
   313 | D:1      | Reached skill level 1 in Fighting
   330 | D:1      | Reached XP level 2. HP: 27/27 MP: 1/1
   998 | D:3      | Reached XP level 3. HP: 33/33 MP: 2/2
  1560 | D:3      | Reached XP level 4. HP: 30/41 MP: 3/3
  1777 | D:4      | Noticed Blork the orc
  1799 | D:4      | Mangled by Blork the orc

Illustrated notes

Levels and vault maps discovered:
D:1:      lightli_arrival_flooded_house, layout_loops_cross
D:2:      layout_rooms, grunt_ministairs_2, chequers_serial_rivers_marsh,
          serial_park_tiny_1
D:3:      layout_loops_corners, amcnicky_mini_pool_small
D:4:      layout_loops_ring, grunt_temple_overflow_open,
          minmay_temple_entry_trees, roderic_roman_lattice,
          minmay_strange_pillars, uniq_ijyb, uniq_blork_the_orc

Skill      XL: |  1 |
---------------+----+-----
Fighting       | 1 |  1.5
Dodging        | |  1.5
Unarmed Combat | |  3.9
Shapeshifting  | |  3.7

Action                     |  1- 3 |  4- 6 || total
---------------------------+-------+-------++-------
  Melee: Unarmed           |    88 |    13 ||   101
    Use: Potion            |       |     3 ||     3
 Armour: Animal skin       |    60 |    21 ||    81
  Dodge: Dodged            |    30 |     8 ||    38
